 Dungeon Crawl Stone Soup version 0.26-a0-1049-g242049e08c (webtiles) character file.

Game seed: 9206155713940406076

1474 KristoblXynda the Grappler (level 8, -3/59 HPs)
             Began as a Black Draconian Transmuter on Dec 12, 2020.
             Slain by an ice beast (12 damage)
             ... on level 6 of the Dungeon.
             The game lasted 00:11:32 (7162 turns).

KristoblXynda the Grappler (DrTm)                   Turns: 7162, Time: 00:11:33

Health: -3/59      AC:  6    Str: 14    XL:     8   Next: 49%
Magic:  11/11      EV: 14    Int: 14    God:
Gold:   250        SH:  0    Dex: 12    Spells: 8/11 levels left

rFire    . . .     SeeInvis +     - Unarmed
rCold    . . .     Faith    .   (no shield)
rNeg     . . .     Spirit   .   (armour unavailable)
rPois    .         Reflect  .   (helmet currently unavailable)
rElec    +         Harm     .   (no cloak)
rCorr    .         Rampage  .   (no gloves)
Will     .....                  (boots currently unavailable)
Stlth    +.........             (no amulet)
HPRegen  0.19/turn              k - ring of see invisible
MPRegen  0.12/turn              v - ring of flight

@: appendages
A: breathe lightning, unfitting armour, horns 2, talons 2, electricity
resistance, cold-blooded, AC +6
a: Breathe Lightning, End Transformation, Evoke Flight


You were on level 6 of the Dungeon.
You had grown temporary horns.
You had grown temporary talons.
You visited 1 branch of the dungeon, and saw 6 of its levels.

You collected 250 gold pieces.

Inventory:

Hand Weapons
 w - the +8 spear "Yserek" {vorpal, *Contam MP+9 Stlth+, unknown}
   (You found it on level 5 of the Dungeon)

   It inflicts extra damage upon your enemies.
   It affects your magic capacity (+9).
   It causes magical contamination when unequipped.
   It makes you more stealthy.
Armour
 s - a +1 buckler
Jewellery
 k - a ring of see invisible (left hand)
 v - a ring of flight (right hand)
Wands
 t - a wand of iceblast (7)
Scrolls
 a - 3 scrolls of remove curse
 b - a scroll of identify
 c - 6 scrolls of teleportation
 d - a scroll of immolation {unknown}
 e - 2 scrolls of fog
 f - 2 scrolls of amnesia
 h - 2 scrolls of enchant armour
 i - 2 scrolls of blinking
Potions
 g - a potion of magic {unknown}
 j - a potion of heal wounds {unknown}
 l - a potion of haste
 n - a potion of might {unknown}
 o - a potion of cancellation
 q - a potion of invisibility {unknown}
 r - a potion of resistance
 u - a potion of berserk rage {unknown}


   Skills:
 - Level 1.1 Fighting
 + Level 5.0 Dodging
 * Level 8.1 Unarmed Combat
 - Level 2.0 Spellcasting
 + Level 5.6 Transmutations


You had 8 spell levels left.
You knew the following spells:

 Your Spells              Type           Power        Failure   Level
a - Beastly Appendage     Tmut           ###...       2%          1
b - Wereblood             Tmut           ###.....     3%          2

Your spell library contained the following spells:

 Spells                   Type           Power        Failure   Level
 Spider Form              Tmut/Pois      #.........   22%         3
 Magic Dart               Conj           #...         24%         1
 Blink                    Tloc           N/A          34%         2
 Call Imp                 Summ           #.......     34%         2
 Slow                     Hex            #.......     34%         2
 Blade Hands              Tmut           ###.......   54%         5
 Conjure Flame            Conj/Fire      #.......     56%         3
 Mephitic Cloud           Conj/Pois/Air  #.......     56%         3
 Ice Form                 Ice/Tmut       #.......     58%         4


Dungeon Overview and Level Annotations

Branches:
Dungeon (6/15)             Temple (0/1) D:6

Altars:
Fedhas
Kikubaaqudgha
Qazlal

Shops:
D:6 ?


Innate Abilities, Weirdness & Mutations

You can breathe wild blasts of lightning.
Your glossy black scales are hard. (AC +6)
You cannot fit into any form of body armour.
You are resistant to electric shocks. (rElec)
You are cold-blooded and may be slowed by cold attacks.
You have a pair of horns on your head.
You have razor-sharp toenails.


Message History

You feel yourself speed up. The ice beast hits you. The ice beast freezes you!
The ice beast closely misses you.
You closely miss the ice beast. Your headbutt misses the ice beast.
The ice beast is heavily wounded.
You hit the ice beast but do no damage.
Your tail-slap misses the ice beast.
The ice beast is heavily wounded.
The ice beast hits you. The ice beast freezes you!
* * * LOW HITPOINT WARNING * * *
You closely miss the ice beast.
You claw the ice beast, but do no damage.
The ice beast is heavily wounded.
The ice beast hits you but does no damage.
You closely miss the ice beast. You claw the ice beast.
Your headbutt misses the ice beast.
The ice beast is heavily wounded.
The ice beast hits you.
* * * LOW HITPOINT WARNING * * *
The ice beast freezes you!
You die...

,,,,,***,......#,* #......#.....
*,*,,,,,,.......,* ##............
*,*,****,.......####....†<.......
*,,,,,,,,(........##.............
,,,,,,,,,.........##.............
,,,,,,,,,............(...........
,,,,,,,,,...∩......#............)
,,,,,,,,,........................
,,,,,,,,,...##..@...........#####
*,,,,,,,,.,,*#..Y....#...####,,,,
*,*,,,,,,,,**###?.........#**,,,,
*,*,,,>,,,,** *............#*,,,,
,,,,,,,,,,,,* #.........?..#*,,,,
,,,,,,,,,,,,* #..........,,**,,,,
,,,,,,,,,,,,* ##........,,***,,,,
*,,,,,,,,,,,* ##...##..,** *,,,,
***,,,,,,,,,* ********** *,,,,


You could see an ice beast.

Vanquished Creatures
  Prince Ribbit (D:5)
  Grinder (D:5)
  Edmund (D:5)
  An ice beast (D:5)
  A centaur (D:5)
  2 ogres
  A scorpion (D:5)
  A hound (D:4)
  2 orc wizards
  3 orc priests
  A centaur skeleton (D:4)
  Ijyb (D:3)
  Natasha (thrice) (D:3)
  Robin (D:3)
  2 howler monkey skeletons
  9 adders
  2 shadow imps
  3 worms
  3 dart slugs
  4 leopard geckos
  14 orcs
  4 ball pythons
  3 giant cockroaches
  12 goblins
  12 hobgoblins
  4 jackals
  9 kobolds
  4 quokkas
  6 bats
  7 frilled lizards
  A jackal zombie (D:5)
  5 rats
124 creatures vanquished.

Notes
Turn   | Place    | Note
-------+----------+-------------------------------------------
     0 | D:1      | KristoblXynda the Draconian Transmuter began the quest for
                  | the Orb.
     0 | D:1      | Reached XP level 1. HP: 16/16 MP: 3/3
    58 | D:1      | Reached XP level 2. HP: 19/23 MP: 3/5
  1287 | D:2      | Reached XP level 3. HP: 14/28 MP: 4/6
  1562 | D:2      | Found an ancient bone altar of Kikubaaqudgha.
  1656 | D:2      | Reached skill level 4 in Unarmed Combat
  1694 | D:2      | Reached XP level 4. HP: 3/35 MP: 7/7
  2542 | D:3      | Noticed Natasha
  2551 | D:3      | Killed Natasha
  2669 | D:3      | Noticed Ijyb
  2703 | D:3      | Reached XP level 5. HP: 10/40 MP: 5/8
  2760 | D:3      | Killed Ijyb
  2761 | D:3      | Reached skill level 5 in Unarmed Combat
  2823 | D:3      | Noticed Natasha
  2832 | D:3      | Killed Natasha
  3169 | D:3      | Reached XP level 6. HP: 34/47 MP: 7/9
  3515 | D:3      | Noticed Natasha
  3525 | D:3      | Killed Natasha
  3689 | D:3      | Noticed Robin
  3728 | D:3      | Killed Robin
  5017 | D:4      | Reached skill level 6 in Unarmed Combat
  5053 | D:4      | Your scales start taking on a glossy black colour.
  5053 | D:4      | Reached XP level 7. HP: 17/52 MP: 10/10
  5053 | D:4      | Gained mutation: You are resistant to electric shocks.
                  | (rElec) [Black Draconian growth]
  5258 | D:4      | Learned a level 2 spell: Wereblood
  5263 | D:4      | Found a blossoming altar of Fedhas.
  5264 | D:4      | Noticed a water elemental
  5265 | D:4      | Found a stormy altar of Qazlal.
  5266 | D:4      | Noticed a fire elemental
  5266 | D:4      | Noticed an air elemental
  5420 | D:5      | Entered Level 5 of the Dungeon
  5559 | D:5      | Noticed Edmund
  5575 | D:5      | Killed Edmund
  5601 | D:5      | HP: 2/52 [poisoned by Edmund]
  5609 | D:5      | HP: 2/52 [poisoned by Edmund]
  6048 | D:5      | Reached skill level 7 in Unarmed Combat
  6279 | D:5      | Noticed Grinder
  6287 | D:5      | Paralysed by Grinder for 4 turns
  6295 | D:5      | Killed Grinder
  6296 | D:5      | Reached skill level 5 in Transmutations
  6296 | D:5      | Reached XP level 8. HP: 26/59 MP: 11/11
  6626 | D:5      | Noticed Prince Ribbit
  6629 | D:5      | Got a scorched spear
  6661 | D:5      | Killed Prince Ribbit
  6662 | D:5      | Reached skill level 5 in Dodging
  6662 | D:5      | Reached skill level 8 in Unarmed Combat
  7142 | D:6      | Found Anoirch's Magic Scroll Shoppe.
  7162 | D:6      | Slain by an ice beast

Illustrated notes

Levels and vault maps discovered:
D:1:      dpeg_arrival_radiant, layout_basic, minmay_curled_crystal
D:2:      layout_rooms, lemuel_coloured_pillars_altar
D:3:      layout_basic, hangedman_abyss_or_decor_lesser_grid, uniq_robin,
          uniq_ijyb, uniq_natasha
D:4:      layout_cave_pools, nicolae_qazlal_style_of_elements, fedhas_altar_1
D:5:      lemuel_ice_spiral_2, layout_rooms, uniq_edmund, uniq_prince_ribbit1,
          uniq_grinder
D:6:      layout_rooms, elyvilon_altar_5, lemuel_temple_firewalk_a,
          biasface_ghost_orc_armoury, serial_shops, shop,
          nicolae_ossuary_entry_ruins, minmay_guarded_unrand_staff_of_olgreb

Skill      XL: |  1  2  3  4  5  6  7  8 |
---------------+-------------------------+-----
Dodging        | 2 3 4 5 |  5.0
Unarmed Combat | 4 5 6 7 8 |  8.1
Transmutations | 3 4 5 |  5.6
Fighting       | |  1.1
Spellcasting   | |  2.0

Action                   |  1- 3 |  4- 6 |  7- 9 || total
-------------------------+-------+-------+-------++-------
Melee: Unarmed           |   119 |   293 |   118 ||   530
       Tailslap          |    16 |    18 |    12 ||    46
       Kick              |     5 |    26 |     9 ||    40
       Punch             |     1 |     5 |     4 ||    10
       Headbutt          |     1 |    19 |     5 ||    25
 Cast: Beastly Appendage |     6 |    14 |     4 ||    24
       Wereblood         |       |       |     2 ||     2
 Abil: Breathe Lightning |       |       |     1 ||     1
Evoke: Wand              |       |       |     7 ||     7
  Use: Scroll            |       |     6 |     6 ||    12
       Potion            |       |     4 |     1 ||     5
 Stab: Sleeping          |     1 |       |       ||     1
Armor: Skin              |    32 |    84 |    24 ||   140
Dodge: Dodged            |    78 |   199 |    82 ||   359

Table legend: (Time is in decaauts)
 A = Elapsed time spent in this place.
 B = Non-inter-level travel time spent in this place.
 C = Inter-level travel time spent in this place.
 D = Time resting spent in this place.
 E = Time spent auto-exploring this place.
 F = Levels seen in this place.
 G = Mean time per level.
                   A        B        C        D        E       F      G
               +--------+--------+--------+--------+--------+-----+--------+
         Total |   7111 |   7044 |     67 |   3367 |   2454 |   6 | 1185.2 |
       Dungeon |   7111 |   7044 |     67 |   3367 |   2454 |   6 | 1185.2 |
               +--------+--------+--------+--------+--------+-----+--------+

Top non-repeatable levels by time:
     D:3: 2134 daAuts
     D:5: 1690 daAuts
     D:1: 1249 daAuts
     D:2: 1200 daAuts
     D:4: 801 daAuts
     D:6: 36 daAuts
